 Dungeon Crawl Stone Soup version 0.29-a0-284-gf9362112df (webtiles) character file.

Game seed: 3467462167727155373

5839 sokol815 the Cleaver (level 10, -9/70 HPs)
             Began as a Demonspawn Monk on Mar 23, 2022.
             Was an Elder of Dithmenos.
             Mangled by an orc warlord
             ... wielding a +0 broad axe
              (25 damage)
             ... in a bailey.
             The game lasted 00:17:47 (9977 turns).

sokol815 the Cleaver (Demonspawn Monk)              Turns: 9977, Time: 00:17:47

Health: -9/70      AC: 13    Str: 15    XL:     10   Next: 51%
Magic:  16/16      EV:  2    Int: 12    God:    Dithmenos [****..]
Gold:   447        SH:  8    Dex: 16    Spells: 9/9 levels left

rFire   . . .      SeeInvis +   a - +6 hand axe (spect)
rCold   . . .      Faith    .   l - +0 kite shield
rNeg    . . .      Spirit   .   f - +0 plate armour
rPois   .          Reflect  .   (no helmet)
rElec   .          Harm     .   (no cloak)
rCorr   .          Rampage  .   u - +1 pair of gloves
Will    .....                   (no boots)
Stlth   ..........              y - amulet of regeneration
HPRegen 1.01/turn               V - ring of see invisible {sInv, !d}
MPRegen 0.15/turn               Q - +4 ring of slaying

@: mighty, wreathed by umbra, invisible
A: ignite blood 1, sharp scales 1, demonic magic 2, weakness stinger 2
a: Renounce Religion, Shadow Step


You were in a bailey.
You worshipped Dithmenos.
Dithmenos was greatly pleased with you.
You visited 1 branch of the dungeon, and saw 10 of its levels.
You also visited: Bailey.

You collected 447 gold pieces.

Inventory:

Hand Weapons
 a - a +6 spectral hand axe (weapon)
   (You took it off an orc on level 9 of the Dungeon)
 q - a +0 short sword of flaming
   (You took it off a kobold on level 4 of the Dungeon)
 x - a +4 flail
   (You took it off a wight on level 7 of the Dungeon)
 D - the +8 dagger of Exquisite Death {freeze, rC+ Will+}
   (You found it on level 9 of the Dungeon)

   It freezes those it strikes, dealing additional cold damage.
   It can also slow down cold-blooded creatures.
   rC:        It protects you from cold.
   Will:      It increases your willpower.
 F - a +4 scimitar
   (You took it off a wight on level 7 of the Dungeon)
 R - a +1 war axe of protection
   (You found it on level 1 of the Dungeon)
Missiles
 s - 213 stones
 w - 29 poisoned darts
 C - 12 boomerangs
Armour
 f - a +0 plate armour (worn)
   (You found it on level 1 of the Dungeon)
 l - a +0 kite shield (worn)
   (You found it on level 9 of the Dungeon)
 u - a +1 pair of gloves (worn)
   (You found it on level 1 of the Dungeon)
Jewellery
 y - an amulet of regeneration (around neck)
   (You found it on level 7 of the Dungeon)
 z - an amulet of guardian spirit
   (You found it on level 8 of the Dungeon)
 A - an amulet of magic regeneration
   (You found it on level 7 of the Dungeon)
 Q - a +4 ring of slaying (right hand)
   (You found it on level 3 of the Dungeon)
 V - a ring of see invisible (left hand) {sInv, !d}
   (You found it on level 1 of the Dungeon)
Wands
 h - a wand of acid (5)
   (You found it on level 5 of the Dungeon)
 j - a wand of polymorph (12)
   (You found it on level 6 of the Dungeon)
Scrolls
 d - a scroll of amnesia
 i - 2 scrolls of enchant armour
 r - 3 scrolls of fog
 E - a scroll of fear
 K - 4 scrolls of immolation {!r}
 X - a scroll of magic mapping {@r4!r}
 Y - 3 scrolls of teleportation {@r3}
Potions
 k - a potion of attraction {!q}
 p - 5 potions of cancellation
 B - a potion of brilliance
 G - a potion of magic {unknown}
 J - a potion of curing {@q1}
 N - 3 potions of heal wounds {@q2}
 P - 2 potions of lignification {!q}
 U - a potion of mutation {!q}
Miscellaneous
 m - a phantom mirror
   (You found it on level 9 of the Dungeon)


   Skills:
 - Level 3.0 Fighting
 * Level 1.5 Short Blades
 + Level 13.2 Axes
 - Level 2.6 Dodging
 - Level 1.7 Stealth
 * Level 1.8 Shields
 - Level 8.0 Invocations


You had 9 spell levels left.
You didn't know any spells.
Your spell library contained the following spells:

 Spells                   Type           Power      Damage    Failure   Level
 Magic Dart               Conj           0%         1d3       100%        1
 Call Imp                 Summ           0%         N/A       100%        2
 Sublimation of Blood     Necr           0%         N/A       100%        2
 Wereblood                Tmut           0%         N/A       100%        2
 Confusing Touch          Hex            0%         N/A       100%        3
 Gell's Gravitas          Tloc           0%         N/A       100%        3
 Lesser Beckoning         Tloc           0%         N/A       100%        3
 Mephitic Cloud           Conj/Pois/Air  0%         N/A       100%        3
 Teleport Other           Tloc           0%         N/A       100%        3
 Passage of Golubria      Tloc           0%         N/A       100%        4
 Petrify                  Tmut/Erth      0%         N/A       100%        4
 Metabolic Englaciation   Hex/Ice        0%         N/A       100%        5
 Silence                  Hex/Air        0%         N/A       100%        5
 Yara's Violent Unravell  Hex/Tmut       0%         3d3       100%        5
 Statue Form              Tmut/Erth      0%         N/A       100%        6
 Enfeeble                 Hex            0%         N/A       100%        7
 Summon Hydra             Summ           0%         N/A       100%        7
 Lehudib's Crystal Spear  Conj/Erth      0%         10d2      100%        8


Dungeon Overview and Level Annotations

Branches:
Dungeon (10/15)            Temple (0/1) D:4            Lair (0/6) D:9
 Bailey (1/1)
    Orc: D:9-12

Altars:
Cheibriados
Dithmenos
Elyvilon
Okawaru
Wu Jian
Yredelemnul
The Shining One

Shops:
D:2 (   D:3 [   D:4 :

Annotations:
D:9 3 runed translucent doors, Patoropollo's ghost, novice MiFi; pickled's ghost, novice HOFi


Innate Abilities, Weirdness & Mutations

Your demonic aura sometimes causes spilled blood to erupt in flames.
You are partially covered in razor-sharp scales. (AC +1, Slay +1)
Spells you cast may paralyse nearby enemies.
You have a tail ending in a sharp stinger.


Message History

You closely miss the orc warrior. You barely miss the orc warrior.
Unknown command.
You feel very mighty all of a sudden.
The orc warrior hits you but does no damage.
The orc warrior hits you with a +0 war axe.
Your unstable footing causes you to fumble your attack.
The orc warrior hits you but does no damage.
The orc warrior barely misses you.
You slash the orc warrior! You hit the orc warrior.
Your +6 spectral hand axe hits the orc warrior!
The orc warrior hits you with a +0 war axe.
The orc warrior hits your +6 spectral hand axe with a +0 war axe.
The orc warrior is engulfed in blazing flames.
You kill the orc warrior!
Dithmenos accepts your kill.
You slash the orc warrior!
You kill the orc warrior!
Dithmenos accepts your kill. You block the gnoll's attack.
There is an open door, spattered with blood here.
Items here: ( ))) [[[ †.
You hit the gnoll.
Your shadow barely misses the gnoll.
Your +6 spectral hand axe hits the gnoll.
The gnoll hits you with a +0 hand axe.
The gnoll hits your +6 spectral hand axe but does no damage.
You take 2 damage, and have 35/70 hp.
You slash the gnoll!
You kill the gnoll!
Dithmenos accepts your kill.
Found a gate leading back out of this place.
A kobold comes into view.
The kobold shouts!
An orc comes into view. It is wielding a +0 war axe.
The orc shouts!
You hear a shout!
You miss the kobold.
Your tail-slap misses the kobold.
Your +6 spectral hand axe hits the kobold!
You kill the kobold!
Dithmenos accepts your kill.
A kobold comes into view.
A goblin comes into view. It is wielding a +0 hand axe.
Things that are here:
2 boomerangs; a kobold corpse The orc hits you but does no damage.
You slash the orc!
You kill the orc!
Dithmenos accepts your kill.
The kobold throws a boomerang.
The boomerang hits you but does no damage.
The goblin hits you with a +0 hand axe.
Things that are here:
a +0 war axe; a +0 leather armour; an orc corpse You slash the goblin!
You kill the goblin!
Dithmenos accepts your kill.
You hit the kobold.
You kill the kobold!
Dithmenos accepts your kill.
You open the gate.
Okay, then.
You fade into invisibility!
There is an open translucent gate here.
You enter the shallow water.
Moving in this stuff is going to be slow. ...and don't expect to remain undetected.
You regained 2 hp, and now have 58/70 hp.
The orc warlord shouts!
The gnoll hits you with a +0 hand axe.
You take 5 damage, and have 54/70 hp.
You barely miss the gnoll.
Your shadow hits the gnoll but does no damage.
Your +6 spectral hand axe barely misses the gnoll.
You block the gnoll's attack.
The gnoll misses your +6 spectral hand axe.
You slash the gnoll!
You kill the gnoll!
Dithmenos accepts your kill.
The orc warlord shouts!
The orc warlord hits you with a +0 broad axe!
Things that are here:
a +0 hand axe; a +0 leather armour; a gnoll corpse You take 16 damage, and have 40/70 hp.
MASSIVE DAMAGE!!
You catch the helpless orc warlord completely off-guard!
You slash the orc warlord!
Your +6 spectral hand axe hits the orc warlord!
The orc warlord hits you with a +0 broad axe!
The orc warlord hits your +6 spectral hand axe with a +0 broad axe!!
Your spectral weapon shares its damage with you!
Your +6 spectral hand axe fades away.
* * * LOW HITPOINT WARNING * * *
You take 26 damage, and have 14/70 hp.
MASSIVE DAMAGE!!
You slash the orc warlord!
Your tail-slap misses the orc warlord.
Your +6 spectral hand axe closely misses the orc warlord.
You catch the helpless orc warlord completely off-guard!
You slash the orc warlord!
Your +6 spectral hand axe hits the orc warlord!
The orc warlord is engulfed in blazing flames.
The orc warlord hits you with a +0 broad axe!!
You die...

#?......... #$........ #≈
#...8.... #########..... #≈
#......####≈≈≈#≈≈≈##..... ##≈
#...)(#≈≈#≈.....|≈#.....##..
#..).#≈........?≈#....##...
#...##≈8.8...8.8##....#....
#..('≈≈.....○...#.....'....
#...'≈≈...@o....#.....'...∩
#...'≈≈....(....#.....'....
#...##≈8.8...8.8##....#....
##....#≈........?≈#....##...
##.....#≈≈#≈.....=≈#.....##..
#......####≈≈≈#≈≈≈##.†....##≈
#...8......#########..).....#≈
#$........))))...'....8..8..#≈
#?.........#)(≈≈≈#..........#≈


You could see an orc warlord (can't see you) and a friendly +6 spectral hand axe
(summoned).

Vanquished Creatures
  Pikel (D:5)
  Grinder (D:3)
  Prince Ribbit (D:5)
  A shadow (D:10)
  5 yaks (D:9)
  2 wyverns
  2 steam dragons
  Menkaure (D:4)
  2 water moccasins
  3 orc warriors (Bailey)
  2 black bears
  An ice beast (D:6)
  2 sky beasts
  An ogre (D:6)
  A phantom (D:6)
  4 centaurs
  4 lemures (D:5)
  A bullfrog (D:7)
  A gnoll sergeant (D:8)
  A necrophage (D:7)
  8 wights (D:7)
  17 killer bees
  3 howler monkeys
  3 jellies
  An orc priest (D:6)
  A hound (D:5)
  An iguana (D:7)
  Terence (D:3)
  Natasha (twice) (D:2)
  3 orc wizards
  A mummy (D:7)
  5 gnolls
  10 adders
  A white imp (D:7)
  An ufetubus (D:6)
  2 worms
  4 dart slugs
  16 orcs
  4 ball pythons
  4 endoplasms
  2 giant cockroaches
  8 goblins
  9 hobgoblins
  15 kobolds
  7 bats
  5 frilled lizards
  5 rats
176 creatures vanquished.

Vanquished Creatures (others)
  3 fungi (D:3)
  3 plants
  6 withered plants (D:9)
12 creatures vanquished.

Grand Total: 188 creatures vanquished

Notes
Turn   | Place    | Note
-------+----------+-------------------------------------------
     0 | D:1      | sokol815 the Demonspawn Monk began the quest for the Orb.
     0 | D:1      | Reached XP level 1. HP: 18/18 MP: 1/1
   183 | D:1      | Reached skill level 3 in Axes
   426 | D:1      | Gained mutation: You have a small tail. [demonic ancestry]
   426 | D:1      | Reached XP level 2. HP: 24/24 MP: 2/2
   615 | D:2      | Found a shadowy altar of Dithmenos.
   623 | D:2      | Became a worshipper of Dithmenos the Shadowed
   623 | D:2      | Reached * piety under Dithmenos
   623 | D:2      | Reached ** piety under Dithmenos
   736 | D:2      | Gained mutation: Spells you cast may paralyse adjacent
                  | enemies. [demonic ancestry]
   736 | D:2      | Reached XP level 3. HP: 19/29 MP: 3/3
   872 | D:2      | Reached skill level 4 in Axes
   877 | D:2      | Found Zacedoul's Weapon Shop.
  1201 | D:2      | Noticed Natasha
  1209 | D:2      | HP: 5/29 [Natasha (3)]
  1211 | D:2      | HP: 2/29 [Natasha (4)]
  1215 | D:2      | Killed Natasha
  1216 | D:2      | Reached XP level 4. HP: 3/35 MP: 4/4
  1585 | D:2      | Noticed Natasha
  1596 | D:2      | HP: 8/35 [Natasha (7)]
  1606 | D:2      | Killed Natasha
  1891 | D:3      | Noticed Grinder
  1899 | D:3      | Paralysed by Grinder for 4 turns
  1909 | D:3      | HP: 5/35 [Grinder/nerve-wracking pain (14)]
  1909 | D:3      | HP: 1/35 [frozen (4)]
  1918 | D:3      | Killed Grinder
  1919 | D:3      | Reached skill level 5 in Axes
  1919 | D:3      | Reached skill level 4 in Invocations
  1919 | D:3      | Reached XP level 5. HP: 13/41 MP: 4/8
  1919 | D:3      | Reached XP level 6. HP: 15/47 MP: 4/9
  2152 | D:3      | Found Kaomed's Antique Armour Shoppe.
  2516 | D:3      | Reached skill level 5 in Invocations
  2818 | D:3      | Noticed Terence
  2826 | D:3      | Killed Terence
  3065 | D:3      | Found a faded altar of an unknown god.
  3114 | D:4      | Noticed Menkaure
  3117 | D:4      | Killed Menkaure
  3118 | D:4      | Reached skill level 6 in Invocations
  3118 | D:4      | Gained mutation: Spells you cast may paralyse nearby
                  | enemies. [demonic ancestry]
  3118 | D:4      | Reached XP level 7. HP: 52/52 MP: 9/11
  3119 | D:4      | Reached *** piety under Dithmenos
  3609 | D:4      | Reached skill level 6 in Axes
  3711 | D:4      | Found a staircase to the Ecumenical Temple.
  3750 | D:4      | Found Qischuish's Book Shoppe.
  4012 | D:5      | Entered Level 5 of the Dungeon
  4013 | D:5      | Noticed Pikel
  4031 | D:5      | Killed Pikel
  4032 | D:5      | Reached skill level 7 in Axes
  4032 | D:5      | Reached skill level 8 in Invocations
  4032 | D:5      | Gained mutation: You are partially covered in razor-sharp
                  | scales. (AC +1, Slay +1) [demonic ancestry]
  4032 | D:5      | Reached XP level 8. HP: 37/58 MP: 12/14
  4305 | D:5      | Reached skill level 8 in Axes
  4316 | D:5      | HP: 14/58 [killer bee (4)]
  4321 | D:5      | HP: 14/58 [adder (2)]
  4984 | D:5      | Noticed Prince Ribbit
  5158 | D:5      | Killed Prince Ribbit
  5159 | D:5      | Reached skill level 9 in Axes
  6012 | D:6      | Gained mutation: Your demonic aura sometimes causes spilled
                  | blood to erupt in flames. [demonic ancestry]
  6012 | D:6      | Reached XP level 9. HP: 54/63 MP: 15/15
  6233 | D:6      | HP: 13/63 [ogre/+0 giant club (14)]
  6613 | D:6      | Reached skill level 10 in Axes
  7517 | D:7      | Reached skill level 11 in Axes
  7624 | D:7      | Found a snail-covered altar of Cheibriados.
  8192 | D:8      | Reached skill level 12 in Axes
  8294 | D:8      | Gained mutation: You have a tail ending in a sharp stinger.
                  | [demonic ancestry]
  8294 | D:8      | Reached XP level 10. HP: 44/70 MP: 16/16
  8407 | D:8      | Found an ornate altar of the Wu Jian Council.
  8534 | D:8      | Found an iron altar of Okawaru.
  8561 | D:8      | Noticed a two-headed ogre
  8707 | D:9      | Found a runed translucent gate.
  8708 | D:9      | Found a runed translucent gate.
  8709 | D:9      | Found a runed translucent gate.
  8825 | D:9      | Found a staircase to the Lair.
  8936 | D:9      | Reached skill level 13 in Axes
  9056 | D:9      | Noticed Patoropollo's ghost (novice MiFi)
  9056 | D:9      | Noticed pickled's ghost (novice HOFi)
  9211 | D:9      | Found a basalt altar of Yredelemnul.
  9713 | D:9      | Identified the +8 dagger of Exquisite Death {freeze, rC+
                  | Will+}
  9823 | D:10     | Entered Level 10 of the Dungeon
  9836 | D:10     | Found a flagged portal.
  9850 | D:10     | Reached skill level 1 in Shields
  9884 | Bailey   | Entered a bailey
  9889 | Bailey   | Noticed an orc warlord
  9912 | Bailey   | Reached **** piety under Dithmenos
  9931 | Bailey   | Reached skill level 1 in Short Blades
  9952 | Bailey   | Found a runed translucent gate.
  9952 | Bailey   | Found a runed translucent gate.
  9952 | Bailey   | Found a runed translucent gate.
  9975 | Bailey   | HP: 14/70 [orc warlord/+0 broad axe (10)]
  9977 | Bailey   | Mangled by an orc warlord

Illustrated notes

Levels and vault maps discovered:
D:1:      dpeg_arrival_three_bigger_balls, layout_basic
D:2:      layout_rooms, serial_shops, shop, basic_altar, uniq_natasha
D:3:      layout_basic, serial_shops, shop,
          shapermc_ecumenical_altar_mp_urbaneastern, uniq_grinder, uniq_terence
D:4:      layout_gridville, temple_doors_ab, serial_shops,
          kennysheep_little_box, saegor_snake_ambush, uniq_menkaure
D:5:      layout_basic, elyvilon_altar_3, kennysheep_path_1, uniq_pikel,
          uniq_prince_ribbit1
D:6:      layout_basic
D:7:      layout_basic, slow_altar_2
D:8:      layout_rooms, lemuel_crystal_altar, gammafunk_temple_overflow_statue,
          nicolae_concentric_dashed_squares_mild, nicolae_fountain_basement
D:9:      layout_grid_maze, general_overflow_altar, dpeg_oklobed_lair,
          gammafunk_ghost_cemetery
D:10:     layout_cave_pools, enter_bailey_4, serial_bayou_crossing, uniq_grum
Bailey:   bailey_axe_bossmonster_kennysheep, bailey

Skill      XL: |  1  2  3  4  5  6  7  8  9 10 |
---------------+-------------------------------+-----
Axes           | 3 4 5 7 9 12 13 | 13.2
Invocations    | 4 6 8 |  8.0
Shields        | 1 |  1.8
Short Blades   | 1 |  1.5
Fighting       | |  3.0
Dodging        | |  2.6
Stealth        | |  1.7

Action                   |  1- 3 |  4- 6 |  7- 9 | 10-12 || total
-------------------------+-------+-------+-------+-------++-------
Melee: Hand axe          |    19 |       |       |    55 ||    74
       War axe           |    47 |   106 |   246 |    30 ||   429
       Tailslap          |     2 |    14 |    39 |    15 ||    70
       Punch             |       |     1 |     4 |       ||     5
Throw: Stone             |     5 |       |       |       ||     5
  Use: Potion            |       |     3 |     1 |     2 ||     6
       Scroll            |       |    12 |     6 |     6 ||    24
 Stab: Invisible         |       |       |       |     2 ||     2
Armor: Plate armour      |    61 |    66 |   261 |    52 ||   440
Dodge: Dodged            |    13 |    16 |    73 |    11 ||   113
Block: Kite shield       |       |       |       |    17 ||    17

Table legend: (Time is in decaauts)
 A = Elapsed time spent in this place.
 B = Non-inter-level travel time spent in this place.
 C = Inter-level travel time spent in this place.
 D = Time resting spent in this place.
 E = Time spent auto-exploring this place.
 F = Levels seen in this place.
 G = Mean time per level.
                   A        B        C        D        E       F      G
               +--------+--------+--------+--------+--------+-----+--------+
         Total |  10045 |   9781 |    264 |   1256 |   7268 |  11 |  913.2 |
       Dungeon |   9953 |   9689 |    264 |   1256 |   7257 |  10 |  995.3 |
        Bailey |     91 |     91 |      0 |      0 |     11 |   1 |   91.0 |
               +--------+--------+--------+--------+--------+-----+--------+

Top non-repeatable levels by time:
     D:5: 1774 daAuts
     D:3: 1408 daAuts
     D:6: 1379 daAuts
     D:2: 1137 daAuts
     D:9: 1110 daAuts
     D:7: 1019 daAuts
     D:4: 918 daAuts
     D:1: 617 daAuts
     D:8: 524 daAuts
  Bailey: 91 daAuts
    D:10: 63 daAuts

Table legend:
 A = Kills in this place as a percentage of kills in entire the game.
 B = Kills by you in this place as a percentage of kills by you in the entire game.
 C = Kills by friends in this place as a percentage of kills by friends in the entire game.
 D = Other kills in this place as a percentage of other kills in the entire game.
 E = Experience gained in this place as a percentage of experience gained in the entire game.
 F = Experience gained in this place divided by the number of levels of this place that you have seen.
                   A       B       C       D       E      F
               +-------+-------+-------+-------+-------+----------------------
         Total | 100.0 | 100.0 |   N/A |   N/A | 100.0 | 758.4
       Dungeon |  87.2 |  87.2 |   N/A |   N/A |  94.5 | 788.2
        Bailey |  12.8 |  12.8 |   N/A |   N/A |   5.5 | 460.0
               +-------+-------+-------+-------+-------+----------------------
